 Dungeon Crawl Stone Soup version 0.27-a0-679-g77a6b55cf3 (webtiles) character file.

Game seed: 13689813575773902830

14 hjoldr the Firebug (level 2, -4/19 HPs)
             Began as a Human Fire Elementalist on Mar 19, 2021.
             Slain by a gnoll
             ... wielding a +0 club
              (9 damage)
             ... on level 1 of the Dungeon.
             The game lasted 00:04:41 (438 turns).

hjoldr the Firebug (Human Fire Elementalist)         Turns: 438, Time: 00:04:41

Health: -4/19      AC:  5    Str:  8    XL:     2   Next: 60%
Magic:  4/5        EV: 10    Int: 15    God:
Gold:   39         SH:  0    Dex: 13    Spells: 4/5 levels left

rFire    . . .     SeeInvis .   b - +0 whip
rCold    . . .     Faith    .   (no shield)
rNeg     . . .     Spirit   .   h - +0 ring mail
rPois    .         Reflect  .   (no helmet)
rElec    .         Harm     .   (no cloak)
rCorr    .         Rampage  .   (no gloves)
Will     .....                  (no boots)
Stlth    +.........             (no amulet)
HPRegen  0.06/turn              (no ring)
MPRegen  0.09/turn              (no ring)

@: no status effects
A: no striking features
a: no special abilities


You were on level 1 of the Dungeon.
You visited 1 branch of the dungeon, and saw 1 of its levels.

You collected 39 gold pieces.

Inventory:

Hand Weapons
 b - a +0 whip (weapon)
 f - a +0 hunting sling
Missiles
 d - 38 stones
Armour
 a - a +0 robe
 h - a +0 ring mail (worn)
Scrolls
 c - a scroll of identify {unknown}
 e - a scroll of magic mapping {unknown}
 g - a scroll of holy word {unknown}


   Skills:
 + Level 0.4 Maces & Flails
 + Level 2.1 Dodging
 + Level 2.0 Stealth
 + Level 2.0 Spellcasting
 + Level 1.0 Conjurations
 + Level 3.5 Fire Magic


You had 4 spell levels left.
You knew the following spells:

 Your Spells              Type           Power      Damage    Failure   Level
a - Foxfire               Conj/Fire      32%        2x1d5     26%         1

Your spell library contained the following spells:

 Spells                   Type           Power      Damage    Failure   Level
 Conjure Flame            Conj/Fire      8%         6-21      63%         3
 Inner Flame              Hex/Fire       6%         N/A       69%         3
 Sticky Flame             Conj/Fire      8%         2d3       95%         4
 Fireball                 Conj/Fire      4%         3d4       100%        5


Dungeon Overview and Level Annotations

Branches:
Dungeon (1/15)

Altars:


Message History

h - a +0 ring mail You start removing your armour.
You continue taking off your +0 robe. x4
You finish taking off your +0 robe.
You start putting on your armour.
You continue putting on your +0 ring mail. x5
You finish putting on your +0 ring mail.
You open the door.
A gnoll comes into view. It is wielding a +0 club.
There is an open door here.
A hobgoblin comes into view. It is wielding a +0 club.
The gnoll shouts!
The hobgoblin shouts!
Found a hand axe.
Casting: Foxfire (safe; 26% risk of failure)
Press: ? - help, Q - select action, (/) - cycle Dir - look around, f - activate You conjure some foxfire!
The foxfire hits the gnoll.
The gnoll is lightly wounded.
The foxfire hits the gnoll.
The gnoll is moderately wounded.
There is an open door here.
You hit the gnoll.
The gnoll is heavily wounded.
The gnoll hits you with a +0 club. The gnoll hits you but does no damage.
You hit the gnoll.
The gnoll is severely wounded.
The gnoll misses you.
You hit the gnoll.
The gnoll is almost dead.
The gnoll hits you with a +0 club!
You hit the gnoll.
The gnoll is almost dead.
The gnoll hits you with a +0 club!
* * * LOW HITPOINT WARNING * * *
You hit the gnoll but do no damage.
The gnoll is almost dead.
The gnoll hits you but does no damage.
You closely miss the gnoll.
The gnoll is almost dead.
The gnoll hits you with a +0 club!
You die...

#.### #.# ###.#####.#
####...# #.# #Z#..#Z##.#
#......#.######.#
###..####.#
######..........#
#Z#..#^##..
#############.#####..####..
#......## #.##Z#...#Z####
........# #.####...###
........#####.##Z#...#Z#
).......gg@...####...###
........########^#...#Z#
........# ###...###
........# ##<## #......##
### #######


You could see a gnoll and a hobgoblin.

Vanquished Creatures
  A dart slug (D:1)
  2 bats (D:1)
  A hobgoblin (D:1)
  3 kobolds (D:1)
  2 frilled lizards (D:1)
  2 goblins (D:1)
  2 rats (D:1)
13 creatures vanquished.

Vanquished Creatures (others)
  15 foxfires (D:1)
15 creatures vanquished.

Grand Total: 28 creatures vanquished

Notes
Turn   | Place    | Note
-------+----------+-------------------------------------------
     0 | D:1      | hjoldr the Human Fire Elementalist began the quest for the
                  | Orb.
     0 | D:1      | Reached XP level 1. HP: 13/13 MP: 3/3
    18 | D:1      | Noticed a minotaur skeleton
   175 | D:1      | Reached XP level 2. HP: 10/19 MP: 3/5
   438 | D:1      | Slain by a gnoll

Illustrated notes

Levels and vault maps discovered:
D:1:      shiori_arrival_whats_in_store_for_you, layout_loops_ring,
          serial_glass, glass_columns_c, glass_columns_a,
          kennysheep_another_room

Action                   || total
-------------------------++-------
Melee: Whip              ||    26
 Cast: Foxfire           ||    10
Armor: Robe              ||     3
       Ring mail         ||     2
Dodge: Dodged            ||    12

Table legend: (Time is in decaauts)
 A = Elapsed time spent in this place.
 B = Non-inter-level travel time spent in this place.
 C = Inter-level travel time spent in this place.
 D = Time resting spent in this place.
 E = Time spent auto-exploring this place.
 F = Levels seen in this place.
 G = Mean time per level.
                   A        B        C        D        E       F      G
               +--------+--------+--------+--------+--------+-----+--------+
         Total |    438 |    438 |      0 |      0 |      0 |   1 |  438.0 |
       Dungeon |    438 |    438 |      0 |      0 |      0 |   1 |  438.0 |
               +--------+--------+--------+--------+--------+-----+--------+

Top non-repeatable levels by time:
     D:1: 438 daAuts
